 Dungeon Sprint DCSS version 0.19.0-2-gae57169 (webtiles) character file.

68 poirepourri the Skirmisher (level 4, -2/32 HPs)
             Began as a Gargoyle Fighter on Nov 3, 2016.
             Slain by a water elemental (10 damage)
             ... in the Dungeon (Sprint III: "The Ten Rune Challenge").
             The game lasted 00:00:58 (244 turns).

poirepourri the Skirmisher (Gargoyle Fighter)        Turns: 244, Time: 00:00:59

Health: -2/32      AC: 11    Str: 19    XL:     4   Next: 19%
Magic:  4/4        EV:  7    Int:  9    God:
Gold:   22         SH:  9    Dex: 10    Spells: 0 memorised, 3 levels left

rFire  . . .     SeeInvis .     a - +0 flail
rCold  . . .     Gourm    .     b - +0 scale mail
rNeg   + . .     Faith    .     c - +0 shield
rPois  ∞         Spirit   .     (no helmet)
rElec  +         Reflect  .     (no cloak)
rCorr  .         Harm     .     (no gloves)
MR     .....     NoTele   +     (no boots)
Stlth  ..........               (no amulet)
                                (no ring)
                                (no ring)

@: engulfed
A: negative energy resistance 1, electricity resistance, unbreathing,
petrification resistance, rot immunity, AC +3
a: no special abilities


You were in the Dungeon.
You were not hungry.

You visited 1 branch You collected 22 gold pieces.

Inventory:

Hand Weapons
 a - a +0 flail (weapon)
Armour
 b - a +0 scale mail (worn)
 c - a +0 shield (worn)
Scrolls
 j - a scroll of torment
 k - a scroll of blinking
 l - a scroll of identify {unknown}
 m - 2 scrolls of remove curse
 p - a scroll of enchant armour {unknown}
 q - a scroll of fog {unknown}
Potions
 d - a potion of lignification {unknown}
 g - 2 potions of mutation {unknown}
 h - 2 potions of haste
 i - 2 potions of magic
 o - 4 potions of flight
 s - a potion of cure mutation {unknown}
Comestibles
 f - a bread ration
 n - a royal jelly
 r - 4 fruits


   Skills:
 + Level 6.1 Fighting
 + Level 2.6 Maces & Flails
 + Level 5.6 Armour
 + Level 0.2 Dodging
 + Level 5.2 Shields
 + Level 1.1 Unarmed Combat


You had 3 spell levels left.
You didn't know any spells.

Dungeon Overview and Level Annotations

Branches:
Dungeon (1/1)

Altars:


Innate Abilities, Weirdness & Mutations

You are resistant to torment.
Your stone body is resilient. (AC +3)
You are immune to poison.
You resist negative energy. (rN+)
You are resistant to electric shocks. (rElec)
You can survive without breathing.
You are immune to petrification.
You are immune to rotting.


Message History

The water elemental hits you.
You hit the water elemental but do no damage.
The water elemental is heavily damaged.
The water elemental hits you.
* * * LOW HITPOINT WARNING * * *
You feel better. The water elemental barely misses you.
You sock the water elemental!
The water elemental is almost destroyed.
You block the water elemental's attack.
You closely miss the water elemental.
The water elemental is almost destroyed.
You block the water elemental's attack. The water elemental hits you!
* * * LOW HITPOINT WARNING * * *
You hit the water elemental.
The water elemental is almost destroyed.
You block the water elemental's attack.
You barely miss the water elemental.
The water elemental is almost destroyed.
The water elemental hits you!
You die...

▓▓▓▓▓▓▓▓ ▓▓▓ <..#(..####
##.# ...#......#####..#
..##..)....#..#..#
##.##.##...#..#..# #+#+#
##.##.###..##'#..#......
#.####.##..###..@E.⌠....
.###..##..####...#...###
#.....##..###....# ⌠.#
###..##...##.....# .#
#..##....#†.....# #
#..###..##.#.....# #(.
#.. ####....# ▓▓▓ ▓▓▓
▓▓▓▓▓▓


You could see a water elemental.

Vanquished Creatures
  Jessica (D)
  A human (D)
  A wolf (D)
  2 oozes (D)
5 creatures vanquished.

Vanquished Creatures (others)
  2 draconian scorchers (D)
  5 hellions (D)
  A yaktaur (D)
8 creatures vanquished.

Grand Total: 13 creatures vanquished

Notes
Turn   | Place    | Note
-------+----------+-------------------------------------------
     0 | D        | poirepourri the Gargoyle Fighter began the quest for the Orb.
     0 | D        | Reached XP level 1. HP: 14/14 MP: 1/1
    10 | D        | Reached skill level 4 in Fighting
    14 | D        | Reached XP level 2. HP: 20/20 MP: 2/2
    27 | D        | Noticed Jessica
    43 | D        | Killed a yaktaur
    50 | D        | HP: 1/20 [Jessica/nerve-wracking pain (3)]
    56 | D        | Killed Jessica
    56 | D        | Reached skill level 5 in Fighting
    56 | D        | Reached skill level 5 in Armour
    56 | D        | Reached XP level 3. HP: 15/26 MP: 3/3
    71 | D        | Killed a hellion
    82 | D        | Killed a hellion
    83 | D        | Killed a hellion
   182 | D        | Reached skill level 5 in Shields
   182 | D        | Reached skill level 1 in Unarmed Combat
   185 | D        | Reached skill level 6 in Fighting
   185 | D        | Reached XP level 4. HP: 32/32 MP: 4/4
   188 | D        | Killed a hellion
   188 | D        | Killed a hellion
   220 | D        | Killed a white draconian scorcher
   232 | D        | Noticed a water elemental
   242 | D        | Killed a white draconian scorcher
   244 | D        | Slain by a water elemental

Skill      XL: |  1  2  3 |
---------------+----------+-----
Fighting       | 4 5 6 |  6.1
Armour         | 4 5 |  5.6
Shields        | 4 5 |  5.2
Unarmed Combat | 1 |  1.1
Maces & Flails | |  2.6
Dodging        | |  0.2

Action                   |  1- 3 |  4- 6 || total
-------------------------+-------+-------++-------
Melee: Flail             |    18 |    10 ||    28
       Unarmed           |    14 |       ||    14
  Use: Potion            |     3 |     1 ||     4
       Scroll            |       |     1 ||     1
Armor: Scale mail        |     5 |     1 ||     6
Dodge: Dodged            |     9 |     3 ||    12
Block: Shield            |    11 |     4 ||    15
